 Dungeon Crawl Stone Soup version 0.29.1-12-g30fa7ad0bf (webtiles) character file.

Game seed: 16139232965216814738

24 Oxelix the Chopper (level 2, 0/27 HPs)
             Began as a Minotaur Berserker on Jan 11, 2023.
             Was a Follower of Trog.
             Slain by a worm (5 damage)
             ... on level 2 of the Dungeon.
             The game lasted 00:02:46 (1130 turns).

Oxelix the Chopper (Minotaur Berserker)             Turns: 1130, Time: 00:02:47

Health: 0/27       AC:  3    Str: 21    XL:     2   Next: 79%
Magic:  1/1        EV: 12    Int:  4    God:    Trog [*.....]
Gold:   71         SH:  0    Dex:  9    Spells: 1/1 levels left

rFire   . . .      SeeInvis .   a - +0 hand axe
rCold   . . .      Faith    .   (no shield)
rNeg    . . .      Spirit   .   b - +0 animal skin
rPois   .          Reflect  .   (helmet restricted)
rElec   .          Harm     .   i - +0 cloak
rCorr   .          Rampage  .   (no gloves)
Will    .....                   (no boots)
Stlth   +.........              (no amulet)
HPRegen 0.09/turn               (no ring)
MPRegen 0.07/turn               (no ring)

@: no status effects
A: horns 2, retaliatory headbutt
a: Renounce Religion, Berserk


You were on level 2 of the Dungeon.
You worshipped Trog.
Trog was aware of your devotion.
You visited 1 branch of the dungeon, and saw 2 of its levels.

You collected 71 gold pieces.

Inventory:

Hand Weapons
 a - a +0 hand axe (weapon)
Armour
 b - a +0 animal skin (worn)
 i - a +0 cloak (worn)
Scrolls
 c - a scroll of immolation {unknown}
 e - 2 scrolls of butterflies {unknown}
 f - a scroll of identify {unknown}
 g - a scroll of teleportation {unknown}
 h - a scroll of blinking {unknown}
Potions
 d - a potion of heal wounds {unknown}


   Skills:
 + Level 4.1 Fighting
 * Level 4.6 Axes
 - Level 2.4 Armour
 - Level 2.1 Dodging


You had one spell level left.
You didn't know any spells.
Your spell library was empty.

Dungeon Overview and Level Annotations

Branches:
Dungeon (2/15)

Altars:


Innate Abilities, Weirdness & Mutations

You have a pair of horns on your head.
You reflexively headbutt those who attack you in melee.


Message History

Found a hand axe.
The kobold hits you with a +0 club. The kobold barely misses you.
You hit the kobold but do no damage. The kobold barely misses you.
You closely miss the kobold. Your headbutt misses the kobold.
The kobold barely misses you. You furiously retaliate!
You headbutt the kobold!
You kill the kobold!
Trog accepts your kill.
You see here a +0 club.
You open the door.
There is an open door here.
There is a shaft here.
There is a shaft here.
You open the large door.
A rat and a worm come into view.
Found a scroll labelled HEKKOEBROF and 17 gold pieces.
A worm and a dart slug come into view.
Found 5 stones.
There is a large open door here.
You hit the rat.
You kill the rat!
Trog accepts your kill.
You hit the worm. You barely miss the worm. Your headbutt misses the worm.
The worm is moderately wounded.
The dart slug launches a dart at you. The slug dart misses you.
The worm bites you.
You hit the worm.
The worm is heavily wounded.
The worm bites you!
You hit the worm. Your headbutt misses the worm.
The worm is severely wounded.
You barely miss the worm. The dart slug launches a dart at you.
The slug dart misses you.
You hit the worm.
The worm is severely wounded.
You hit the worm. The worm bites you. x2
* * * LOW HITPOINT WARNING * * *
You fail to use your ability.
The worm bites you.
You die...

#.....#.#
#.#####.# #.#
.#
####.#####.#
##........#.#
#.)######.#.#
#.## ####'#.#
#.# #...^..#
#.# #'@#####
#.#...ww...#
#.#........#
#)#...~~#..#
#.+..~$?~..+
+..~.$~w.+
#..#~~. (#
#........#


You could see 2 worms and a dart slug.

Vanquished Creatures
  3 endoplasms (D:1)
  A giant cockroach (D:1)
  2 goblins
  A hobgoblin (D:1)
  4 quokkas (D:1)
  3 bats (D:1)
  2 frilled lizards (D:1)
  3 kobolds
  5 rats
24 creatures vanquished.

Notes
Turn   | Place    | Note
-------+----------+-------------------------------------------
     0 | D:1      | Oxelix the Minotaur Berserker began the quest for the Orb.
     0 | D:1      | Reached XP level 1. HP: 19/19 MP: 0/0
    21 | D:1      | Found a faded altar of an unknown god.
    23 | D:1      | Noticed a shining eye
    23 | D:1      | Noticed a great orb of eyes
    24 | D:1      | Noticed a golden eye
    24 | D:1      | Noticed a shining eye
   273 | D:1      | Reached XP level 2. HP: 27/27 MP: 1/1
  1130 | D:2      | Slain by a worm

Illustrated notes

Levels and vault maps discovered:
D:1:      lightli_arrival_statuegarden, layout_basic,
          hellmonk_ecumenical_altar_watching_god, minmay_misc_feat_rows,
          chequers_mini_garden, minmay_statues_item
D:2:      minmay_diamond_boxcup, layout_basic, amethyst_killhole, minivault_5,
          grunt_ministairs_12, kennysheep_generic_room_7

Skill      XL: |  1  2 |
---------------+-------+-----
Axes           | 4 |  4.6
Fighting       | 4 |  4.1
Armour         | |  2.4
Dodging        | |  2.1

Action                   || total
-------------------------++-------
Melee: Hand axe          ||    40
       Headbutt          ||     4
Armor: Animal skin       ||     6
Dodge: Dodged            ||    26
